Map: Equilibrium LE

Players

ZAWGURN

  • Race: Protoss Protoss
  • League: Diamond
  • Spawn Location: 11:00

SubN - Winner!

  • Race: Zerg Zerg
  • League: Diamond
  • Spawn Location: 1:00

VOD

Have the link to the VOD?

Description

Time

  • Played on: Jan. 19, 2024, 6:46 p.m.
  • Length: 14:23
Show
View Real Time Build Order
Export as new Build Order

ZAWGURN Protoss 

Build Orders: Zealot Archon 

Get SALT Encoding   

  12  0:27  Probe  
  13  0:39  Probe (Chrono Boost)  
  13  0:40  Assimilator  
  14  0:43  Pylon  
  14  0:48  Probe (Chrono Boost)  
  15  1:01  Probe (Chrono Boost)  
  15  1:02  Gateway x2  
  17  1:13  Probe (Chrono Boost)  
  17  1:18  Probe (Chrono Boost), Assimilator  
  17  1:20  Pylon  
  18  1:27  Probe  
  19  1:41  Probe  
  20  1:52  Cybernetics Core  
  20  1:54  Zealot  
  22  1:59  Pylon  
  22  2:02  Zealot  
  22  2:06  Probe (Chrono Boost)  
  24  2:19  Probe (Chrono Boost)  
  25  2:29  Warp Gate  
  25  2:31  Stalker  
  25  2:34  Probe  
  28  2:53  Nexus  
  28  2:56  Probe  
  29  3:02  Pylon  
  29  3:13  Stargate  
  29  3:22  Sentry  
  29  3:23  Probe  
  32  3:35  Probe  
  33  3:47  Probe  
  33  3:48  Twilight Council  
  34  3:50  Gateway  
  34  4:01  Probe (Chrono Boost)  
  35  4:09  Probe (Chrono Boost)  
  40  4:12  Void Ray  
  41  4:18  Probe x2 (Chrono Boost)  
  41  4:22  Stalker  
  44  4:24  Probe (Chrono Boost)  
  44  4:26  Charge (Chrono Boost)  
  46  4:36  Probe x2 (Chrono Boost)  
  47  4:44  Probe (Chrono Boost)  
  48  4:46  Zealot  
  48  4:54  Probe  
  48  4:55  Probe  
  50  5:02  Adept  
  50  5:04  Adept  
  54  5:11  Pylon  
  54  5:19  Nexus  
  54  5:27  Pylon  
  54  5:28  Assimilator  
  54  5:29  Probe x2  
  54  5:34  Forge  
  56  5:35  Gateway  
  56  5:49  Pylon  
  57  5:51  Probe (Chrono Boost), Robotics Facility  
  57  5:55  Probe (Chrono Boost)  
  58  6:01  Assimilator  
  60  6:04  Probe (Chrono Boost)  
  60  6:05  Probe (Chrono Boost)  
  60  6:06  Protoss Ground Weapons Level 1 (Chrono Boost)  
  60  6:09  Probe (Chrono Boost)  
  61  6:12  Probe  
  61  6:16  Gateway  
  61  6:17  Gateway, Zealot  
  64  6:21  Probe  
  65  6:27  Templar Archives  
  66  6:34  Probe (Chrono Boost)  
  66  6:37  Probe (Chrono Boost)  
  66  6:38  Probe (Chrono Boost)  
  68  6:40  Immortal (Chrono Boost)  
  68  6:43  Probe (Chrono Boost)  
  68  6:46  Probe (Chrono Boost)  
  75  6:47  Probe (Chrono Boost)  
  75  6:48  Probe (Chrono Boost)  
  76  6:56  Probe  
  76  6:57  Shield Battery, Probe  
  76  7:00  Probe, Photon Cannon  
  79  7:05  High Templar  
  79  7:06  High Templar  
  83  7:08  Probe, Assimilator  
  83  7:09  Probe  
  83  7:10  Archon  
  83  7:12  Probe  
  83  7:14  Observer (Chrono Boost)  
  91  7:19  Stalker  
  91  7:20  Void Ray  
  93  7:27  Stalker  
  91  7:31  Stalker  
  87  7:39  Zealot x2  
  87  7:40  Zealot  
  83  7:46  Probe x2  
  77  7:54  Zealot  
  77  7:55  Zealot x2  
  81  8:00  Probe  
  81  8:02  High Templar x2  
  81  8:04  Probe x2  
  79  8:06  Immortal (Chrono Boost)  
  79  8:07  Archon  
  79  8:12  Probe  
  71  8:16  Probe x2  
  73  8:23  Pylon  
  73  8:24  Probe, High Templar  
  76  8:28  Probe x2  
  76  8:33  Adept  
  76  8:34  Zealot  
  82  8:35  Phoenix (Chrono Boost)  
  82  8:36  Probe  
  87  8:41  Probe x2  
  87  8:43  Pylon, High Templar  
  87  8:47  Archon  
  89  8:48  Probe, Zealot  
  89  8:53  Shield Battery, Probe  
  93  8:55  Assimilator  
  93  8:59  Pylon  
  93  9:01  Phoenix  
  93  9:02  Probe x2  
  97  9:05  Gateway  
  97  9:06  Probe (Chrono Boost)  
  97  9:07  Gateway  
  98  9:10  Gateway  
  98  9:14  Probe (Chrono Boost)  
  98  9:15  Probe (Chrono Boost)  
  100  9:26  Phoenix (Chrono Boost), Probe (Chrono Boost)  
  102  9:36  Nexus  
  102  9:37  Pylon  
  102  9:38  Stalker  
  102  9:43  Pylon  
  103  9:48  Phoenix (Chrono Boost)  
  101  9:57  Pylon  
  101  9:59  Stalker x2  
  105  10:00  Photon Cannon  
  105  10:05  Probe  
  106  10:08  Phoenix  
  106  10:13  Probe x2  
  110  10:16  Shield Battery  
  110  10:18  Zealot x2  
  113  10:27  Probe x3  
  112  10:32  High Templar x2  
  112  10:33  Phoenix  
  118  10:35  Shield Battery  
  118  10:37  Archon  
  118  10:38  Photon Cannon  
  118  10:42  Probe  
  119  10:47  Pylon  
  119  10:48  Probe x2, Photon Cannon  
  119  10:49  Probe  
  118  10:57  High Templar x3  
  118  10:58  High Templar  
  118  11:01  Warp Prism  
  118  11:02  Archon x2  
  124  11:04  Protoss Ground Weapons Level 2 (Chrono Boost)  
  124  11:05  High Templar x2  
  124  11:06  Probe x2  
  130  11:13  Archon  
  130  11:14  Probe x2  
  132  11:18  Probe x2  
  138  11:26  Probe x2  
  138  11:27  Void Ray  
  138  11:30  Probe x2  
  142  11:38  Psionic Storm, Probe  
  144  11:40  Observer (Chrono Boost)  
  144  11:46  Stargate, Probe x3  
  147  11:48  Assimilator  
  147  11:51  Fleet Beacon  
  147  11:52  Assimilator  
  147  12:05  Nexus  
  147  12:07  Pylon  
  147  12:13  Pylon  
  147  12:23  Pylon  
  147  12:24  Probe  
  147  12:25  Probe  
  147  12:26  Immortal  
  153  12:35  Zealot x5  
  153  12:36  Nexus  
  163  12:39  Pylon  
  131  13:07  Zealot x5  
  131  13:08  High Templar x3  
  139  13:16  Probe  
  134  13:26  Probe  
  122  13:28  Zealot x4  
  122  13:33  Zealot  
  99  13:43  Zealot x3  
  99  13:46  Void Ray x2  
  89  13:50  High Templar x2  
  89  13:51  High Templar x2  
  89  13:54  Archon  
  89  13:55  Archon  
  93  13:56  Zealot  
  93  13:58  Probe x2  
  97  14:07  High Templar x2  
  97  14:09  Nexus  
  101  14:10  Pylon  
  101  14:16  Zealot  
Show
View Real Time Build Order
Export as new Build Order

SubN Zerg - Winner!

Build Orders: Pool First 

Get SALT Encoding   

  12  0:00  Drone  
  13  0:13  Overlord  
  13  0:18  Drone  
  14  0:31  Drone x2  
  16  0:37  Drone  
  17  0:45  Extractor  
  17  0:46  Spawning Pool  
  17  0:49  Drone  
  16  0:58  Drone  
  17  1:14  Hatchery  
  16  1:19  Drone  
  16  1:20  Drone  
  18  1:34  Queen  
  18  1:36  Zergling x2  
  21  1:40  Zergling x2  
  22  1:51  Overlord  
  22  2:05  Overlord  
  22  2:10  Metabolic Boost  
  22  2:13  Drone  
  23  2:16  Queen  
  25  2:34  Queen  
  25  2:36  Drone x3  
  30  2:42  Drone  
  31  2:47  Drone x3  
  31  2:49  Drone  
  35  3:06  Overlord  
  35  3:09  Overlord  
  35  3:20  Drone x7  
  42  3:28  Lair  
  41  3:42  Drone x3  
  41  3:43  Drone  
  41  3:45  Extractor  
  41  3:48  Hatchery  
  43  3:59  Drone x4  
  43  4:02  Extractor  
  46  4:03  Drone  
  46  4:04  Extractor  
  46  4:10  Baneling Nest, Roach Warren  
  46  4:13  Drone x2  
  46  4:17  Overlord  
  46  4:25  Zergling x10  
  51  4:35  Overlord x3  
  51  4:40  Drone x2  
  51  4:45  Drone  
  54  4:49  Spire  
  53  4:54  Overlord x2  
  53  4:59  Drone x2  
  55  5:00  Drone  
  55  5:04  Centrifugal Hooks  
  55  5:06  Glial Reconstitution  
  56  5:07  Drone  
  56  5:09  Drone  
  58  5:15  Evolution Chamber  
  58  5:16  Evolution Chamber  
  58  5:20  Queen  
  58  5:24  Overlord  
  58  5:28  Overlord  
  58  5:31  Roach  
  58  5:32  Roach  
  62  5:47  Zerg Melee Weapons Level 1  
  62  5:48  Zerg Missile Weapons Level 1  
  62  5:49  Zergling x2  
  63  5:51  Roach  
  63  5:52  Roach x4  
  73  6:07  Mutalisk x3, Zerg Flyer Weapons Level 1  
  73  6:09  Overseer  
  79  6:11  Overseer  
  79  6:20  Mutalisk  
  79  6:22  Zergling x12  
  87  6:38  Queen  
  89  6:40  Mutalisk x2  
  93  6:49  Baneling  
  93  6:50  Baneling x4  
  93  6:51  Zergling x18  
  102  7:01  Mutalisk  
  102  7:04  Overlord x3  
  102  7:08  Baneling x4  
  102  7:36  Mutalisk  
  94  7:37  Mutalisk x2  
  74  7:59  Drone  
  74  8:00  Drone x14  
  82  8:19  Extractor x2  
  74  8:21  Mutalisk  
  74  8:22  Mutalisk x4  
  74  8:25  Zergling x2  
  74  8:26  Zergling x4  
  87  8:36  Drone x2  
  87  8:38  Zergling x14  
  96  8:44  Zerg Melee Weapons Level 2  
  96  8:48  Zerg Missile Weapons Level 2  
  96  8:52  Drone  
  97  9:02  Baneling  
  97  9:03  Baneling x7  
  97  9:05  Overseer  
  97  9:08  Overseer  
  97  9:09  Hatchery  
  96  9:14  Mutalisk  
  98  9:19  Zergling x10  
  98  9:20  Zergling x14  
  110  9:31  Mutalisk  
  110  9:32  Mutalisk  
  113  9:58  Drone  
  113  9:59  Corruptor x2, Hydralisk Den  
  111  10:15  Drone x2  
  111  10:17  Overlord x6  
  91  10:32  Hydralisk x3, Muscular Augments  
  91  10:33  Hydralisk x9  
  115  10:39  Zergling x4  
  117  10:59  Hydralisk  
  117  11:00  Hydralisk x8  
  135  11:09  Drone  
  135  11:10  Infestation Pit  
  135  11:15  Queen  
  135  11:17  Drone x3  
  135  11:18  Drone x10  
  150  11:21  Extractor  
  150  11:24  Extractor  
  148  11:35  Hydralisk x5  
  148  11:36  Grooved Spines  
  148  11:38  Zergling x10  
  163  11:41  Baneling x3  
  163  11:42  Baneling  
  163  11:49  Roach x2  
  163  11:52  Overlord x6  
  167  11:57  Hive  
  167  12:13  Zergling x2  
  167  12:14  Zergling x18, Spore Crawler  
  167  12:15  Spore Crawler  
  175  12:16  Spore Crawler  
  174  12:23  Zergling x2  
  174  12:24  Zergling x10  
  174  12:27  Neural Parasite  
  169  12:56  Hatchery  
  166  13:04  Zergling x2  
  166  13:05  Zergling x32  
  164  13:33  Viper x3  
  164  13:34  Viper x2  
  138  13:42  Hydralisk  
  138  13:43  Hydralisk x13  
  166  14:04  Drone x11  
Tags
 
Composition
Zealot Archon
Matchup
PvZ
Opening
Pool First
Replay Pack
2025 replay dump
Spawn Locations
Close Positions
Add a new tag
Caveats
  • Supply blocks, unpowered buildings, or Contaminate may cause inaccurate times.
  • Supply counts are checked every 10 seconds.